 Dungeon Crawl Stone Soup version 0.21.1-1-g345015f (webtiles) character file.

3696 buskinjo2 the Spear-Bearer (level 10, -4/63 HPs)
             Began as an Octopode Fighter on Mar 2, 2018.
             Was an Initiate of Gozag.
             Killed themself with a badly aimed fireball (7 damage)
             ... on level 8 of the Dungeon.
             The game lasted 00:15:32 (9199 turns).

buskinjo2 the Spear-Bearer (Octopode Fighter)       Turns: 9199, Time: 00:15:32

Health: -4/63      AC:  1    Str: 15    XL:     10   Next: 13%
Magic:  0/10       EV: 11    Int: 14    God:    Gozag
Gold:   810        SH: 10    Dex: 12    Spells: 9/9 levels left

rFire    . . .     SeeInvis .   a - +2 trident
rCold    . . .     Gourm    .   b - +1 shield
rNeg     . . .     Faith    .   (helmet restricted)
rPois    .         Spirit   +   i - amulet of guardian spirit
rElec    .         Reflect  .   p - ring of wizardry
rCorr    .         Harm     .   s - ring of wizardry (curse)
MR       .....                  (no ring)
Stlth    ++++......             (no ring)
HPRegen  0.20/turn              (no ring)
MPRegen  0.12/turn              (no ring)
                                (no ring)
                                (no ring)

@: gold aura
A: almost no armour, stealthy swim, amphibious, 8 rings, constrict 8, camouflage
1, gelatinous body 1
a: Potion Petition, Call Merchant, Bribe Branch, Renounce Religion


You were on level 8 of the Dungeon.
You worshipped Gozag.
Gozag was pleased with you.
You were very hungry.

You visited 2 branches of the dungeon, and saw 9 of its levels.

You collected 873 gold pieces.
You paid 63 gold pieces to Gozag.

Inventory:

Hand Weapons
 a - a +2 trident (weapon)
Armour
 b - a +1 shield (worn)
Jewellery
 i - an amulet of guardian spirit (around mantle)
 p - a ring of wizardry (left tentacle)
 s - a cursed ring of wizardry (right tentacle)
Wands
 g - a wand of random effects (33)
Scrolls
 e - 6 scrolls of remove curse
 f - a scroll of enchant weapon
 h - 2 scrolls of magic mapping
 l - 2 scrolls of fog
 n - 2 scrolls of immolation
Potions
 c - 2 potions of might
 j - 2 potions of magic
 k - 3 potions of heal wounds
 m - a potion of haste {unknown}
 o - a potion of ambrosia {unknown}
 q - 2 potions of curing
Comestibles
 d - 7 rations


   Skills:
 + Level 3.4 Fighting
 * Level 13.0 Polearms
 - Level 3.0 Dodging
 - Level 6.3 Stealth
 + Level 3.4 Shields


You had 9 spell levels left.
You didn't know any spells.

Dungeon Overview and Level Annotations

Branches:
Dungeon (8/15)             Temple (1/1) D:5
   Lair: D:8-11

Altars:
Cheibriados
Dithmenos
Elyvilon
Gozag
Hepliaklqana
Makhleb
Nemelex Xobeh
Okawaru
Ru
Sif Muna
Trog
Vehumet
Zin
Lugonu

Shops:
D:5 [[

Annotations:
D:6 letownia2's ghost, weakling TeWz


Innate Abilities, Weirdness & Mutations

You cannot wear most types of armour.
You are very stealthy in the water. (Stealth+)
You are amphibious.
You can wear up to eight rings at the same time.
You can use your tentacles to constrict eight enemies at once.
Your skin changes colour to match your surroundings (Stealth+).
Your rubbery body absorbs attacks. (AC +1, EV +1)


Message History

Aiming: Random Effects
Press: ? - help, Shift-Dir - straight line, f/p - two-headed ogre
Aim: a two-headed ogre, wielding a dire flail and a giant spiked club (moderately wounded, fast)
The two-headed ogre easily resists.
The orc warrior is distracted by the nearby gold.
The two-headed ogre hits you with a dire flail.
* * * LOW HITPOINT WARNING * * *
The two-headed ogre hits you with a giant spiked club!
* * * LOW HITPOINT WARNING * * *
The howler monkey barely misses you.
Evoke which item? (* to show all) (? for menu, Esc to quit)
Aiming: Random Effects
Press: ? - help, Shift-Dir - straight line, f/p - two-headed ogre
Aim: a two-headed ogre, wielding a dire flail and a giant spiked club (moderately wounded, fast)
The fireball explodes!
The fireball engulfs the two-headed ogre.
The two-headed ogre is moderately wounded.
The fireball engulfs you!
You die...
Your body crumbles into a pile of gold.

### ##### #... #######...#
###### #...#####....##...#
#..... ....(.......(##...#
#..... .............##...#
#..... ........(.h.......#
#.....
.........@O$......########
........).((o$..........##
...##...#.()......##h.....
..................#.......
...#....#..)#####.#.#.....
.......<.).Y# ..o.#.hO..
...#....#.................
.......#..........###.K..
......#........... #....


You could see a two-headed ogre, an orc warrior (unaware), an ice beast and a
howler monkey.

Vanquished Creatures
  Erica (D:8)
  2 water moccasins
  2 ice beasts
  3 ogres (D:7)
  A phantom (D:5)
  3 centaurs
  7 bullfrogs
  A big kobold (D:7)
  2 scorpions
  2 howler monkeys (D:8)
  3 crimson imps (D:5)
  A jelly (D:8)
  A centaur skeleton (D:4)
  2 bullfrog skeletons
  7 orc priests
  3 iguanas
  11 orc wizards
  Natasha (thrice) (D:2)
  8 worker ants
  A killer bee zombie (D:7)
  2 hound skeletons
  7 gnolls
  6 adders
  An ooze (D:1)
  2 adder skeletons
  2 dart slugs (D:1)
  8 leopard geckos
  33 orcs
  3 giant cockroaches
  7 goblins
  6 hobgoblins
  7 jackals (D:7)
  3 quokkas
  A ball python (D:5)
  5 bats
  2 frilled lizards
  A jackal skeleton (D:7)
  15 kobolds
  A leopard gecko zombie (D:6)
  3 rats
179 creatures vanquished.

Notes
Turn   | Place    | Note
-------+----------+-------------------------------------------
     0 | D:1      | buskinjo2 the Octopode Fighter began the quest for the Orb.
     0 | D:1      | Reached XP level 1. HP: 16/16 MP: 1/1
    89 | D:1      | Reached XP level 2. HP: 19/21 MP: 2/2
   219 | D:1      | Reached skill level 3 in Polearms
   440 | D:2      | Reached XP level 3. HP: 21/26 MP: 3/3
   823 | D:2      | Reached skill level 4 in Polearms
   824 | D:2      | Reached XP level 4. HP: 31/31 MP: 4/4
  1065 | D:2      | Noticed Natasha
  1069 | D:2      | Killed Natasha
  1141 | D:2      | Noticed Natasha
  1143 | D:2      | Killed Natasha
  1222 | D:2      | Noticed Natasha
  1232 | D:2      | Killed Natasha
  1232 | D:2      | Reached skill level 5 in Polearms
  1232 | D:2      | Reached XP level 5. HP: 32/36 MP: 5/5
  1711 | D:3      | Found a bloodstained altar of Trog.
  2124 | D:4      | Reached skill level 6 in Polearms
  2124 | D:4      | Reached XP level 6. HP: 27/42 MP: 3/6
  2594 | D:4      | Reached skill level 7 in Polearms
  3178 | D:4      | Found an iron altar of Okawaru.
  3192 | D:4      | Reached XP level 7. HP: 30/46 MP: 4/7
  3576 | D:5      | Entered Level 5 of the Dungeon
  3600 | D:5      | Found Kapaosm's Antique Armour Boutique.
  3657 | D:5      | Found a sacrificial altar of Ru.
  3668 | D:5      | Reached skill level 8 in Polearms
  4101 | D:5      | Found Wodd's Armour Shoppe.
  4129 | D:5      | Reached skill level 9 in Polearms
  4129 | D:5      | Reached XP level 8. HP: 21/52 MP: 3/8
  4398 | D:5      | Found a staircase to the Ecumenical Temple.
  4409 | Temple   | Entered the Ecumenical Temple
  4453 | Temple   | Became a worshipper of Gozag Ym Sagoz the Greedy
  4511 | D:5      | Found a glowing silver altar of Zin.
  4754 | D:5      | Found a white marble altar of Elyvilon.
  4978 | D:6      | Reached skill level 10 in Polearms
  5001 | D:6      | Found a sparkling altar of Nemelex Xobeh.
  5339 | D:6      | Reached skill level 11 in Polearms
  5589 | D:6      | Reached XP level 9. HP: 54/56 MP: 9/9
  6369 | D:6      | Noticed letownia2's ghost (weakling TeWz)
  7012 | D:7      | Reached skill level 12 in Polearms
  7148 | D:7      | Reached skill level 1 in Stealth
  8352 | D:8      | Noticed Erica
  8358 | D:8      | Killed Erica
  8358 | D:8      | Reached XP level 10. HP: 27/63 MP: 4/10
  9144 | D:8      | Noticed a two-headed ogre
  9193 | D:8      | Reached skill level 13 in Polearms
  9198 | D:8      | HP: 3/63 [two-headed ogre/dire flail (8)]
  9199 | D:8      | Killed themself with a badly aimed fireball

Skill      XL: |  1  2  3  4  5  6  7  8  9 10 |
---------------+-------------------------------+-----
Polearms       | 3 4 5 6 7 9 11 12 13 | 13.0
Stealth        | 6 |  6.3
Fighting       | |  3.4
Dodging        | |  3.0
Shields        | |  3.4

Action                   |  1- 3 |  4- 6 |  7- 9 | 10-12 || total
-------------------------+-------+-------+-------+-------++-------
Melee: Trident           |    53 |   136 |   272 |    49 ||   510
       Constrict         |    10 |    34 |    54 |    11 ||   109
       Tentacles         |     3 |    21 |    65 |    12 ||   101
Evoke: Wand              |       |       |       |     9 ||     9
  Use: Scroll            |     1 |       |    13 |     1 ||    15
 Stab: Sleeping          |     8 |     3 |     6 |       ||    17
       Distracted        |       |     1 |       |       ||     1
       Paralysed         |       |       |     1 |       ||     1
  Eat: Chunk             |       |     6 |     2 |       ||     8
       Ration            |       |       |     5 |       ||     5
Armor: Skin              |     1 |     3 |     5 |     1 ||    10
Dodge: Dodged            |    16 |    30 |    51 |    33 ||   130
Block: Shield            |    14 |    32 |    52 |    26 ||   124
